 Dungeon Crawl Stone Soup version 0.32-a0-818-gb728d0252e (webtiles) character file.

Game seed: 2661453740099630829

51 Goblin1989 the Sneak (level 3, -4/27 HPs)
             Began as a Demonspawn Brigand on Mar 24, 2024.
             Killed by nerve-wracking pain
             ... invoked by Jessica
              (6 damage)
             ... on level 2 of the Dungeon.
             The game lasted 00:03:58 (1178 turns).

Goblin1989 the Sneak (Demonspawn Brigand)           Turns: 1178, Time: 00:03:58

Health: -4/27      AC:  5    Str: 11    XL:     3   Next: 57%
Magic:  3/3        EV: 10    Int: 11    God:
Gold:   93         SH:  0    Dex: 16    Spells: 2/2 levels left

rFire   . . .        a - +2 dagger (elec)
rCold   . . .        (no shield)
rNeg    . . .        b - +0 robe
rPois   .            (no helmet)
rElec   .            c - +0 cloak
rCorr   .            (no gloves)
SInv    .            (no boots)
Will    .....        (no amulet)
Stlth   +++          (no ring)
HPRegen 0.24/turn    (no ring)
MPRegen 0.08/turn

%: no passive effects
@: no status effects
A: slimy green scales 1, powered by pain 1
a: no special abilities


You were on level 2 of the Dungeon.
You visited 1 branch of the dungeon, and saw 2 of its levels.

You collected 93 gold pieces.

Inventory:

Hand Weapons
 a - a +2 dagger of electrocution (weapon)
Missiles
 d - 9 poisoned darts
 e - a curare-tipped dart (quivered)
 i - 12 stones
 l - 5 boomerangs {@Q3}
Armour
 b - a +0 robe (worn)
 c - a +0 cloak (worn)
Scrolls
 f - 2 scrolls of teleportation {unknown}
 g - 3 scrolls of enchant weapon {unknown}
 j - 2 scrolls of fear {unknown}
 n - a scroll of silence {unknown}
 o - a scroll of enchant armour {unknown}
Potions
 h - a potion of heal wounds {unknown}
 k - a potion of curing {unknown}
 m - 2 potions of enlightenment {unknown}


   Skills:
 - Level 2.0 Fighting
 + Level 2.8 Short Blades
 - Level 1.7 Throwing
 - Level 0.8 Dodging
 + Level 4.4 Stealth


You had 2 spell levels left.
You didn't know any spells.
Your spell library contained the following spells:

 Spells                   Type           Power      Damage    Failure   Level
 Sandblast                Erth           0%         2d4       34%         1
 Dazzling Flash           Conj/Hex       0%         N/A       71%         3
 Mephitic Cloud           Conj/Alch/Air  0%         N/A       71%         3
 Passwall                 Erth           0%         N/A       71%         3
 Curse of Agony           Necr           0%         N/A       100%        5
 Silence                  Hex/Air        0%         N/A       100%        5
 Ozocubu's Refrigeration  Ice            0%         4d7       100%        7
 Lehudib's Crystal Spear  Conj/Erth      0%         10d2      100%        8


Dungeon Overview and Level Annotations

Branches:
Dungeon (2/15) Zot: 10827

Altars:

Annotations:
D:2 Jessica


Innate Abilities, Weirdness & Mutations

You are partially covered in slimy green scales. (AC +2)
You sometimes gain a little power by taking damage.


Message History

No target in view!
i - 12 stones (gained 5)
Things that are here:
a +0 short sword; a kobold corpse
m - 2 fizzy orange potions (gained 1)
You see here a +0 short sword.
You see here a +0 short sword.
You see here a +0 short sword.
Key pressed, stopping explore.
There is an escape hatch in the ceiling here.
There is a stone staircase leading down here.
You see here a bat skeleton.
Natasha, Servant of Life and Death comes into view.
Natasha is nearby!
A frilled lizard comes into view.
Jessica the Apprentice Sorceress comes into view.
She is wielding a +0 club.
Jessica shouts!
The frilled lizard hisses angrily.
Jessica casts a spell.
Jessica blinks!
Jessica moves out of view.
Natasha hisses angrily.
You hit Natasha.
Natasha is moderately wounded.
Natasha claws you but does no damage.
You barely miss Natasha.
Natasha is moderately wounded.
Natasha casts a spell at you. The magic dart hits you.
The frilled lizard bites you but does no damage.
You take 5 damage, and have 17/22 hp.
MASSIVE DAMAGE!!
Unknown command.
You hit Natasha but do no damage.
Natasha is moderately wounded.
Natasha mumbles some strange words.
You feel troubled. Natasha claws you.
Jessica points at you and mumbles some strange words.
Pain shoots through your body!
* * * LOW HITPOINT WARNING * * *
The frilled lizard bites you but does no damage.
You take 11 damage, and have 6/22 hp.
MASSIVE DAMAGE!!
You are too injured to fight recklessly!
You are too injured to fight recklessly!
You are too injured to fight recklessly!
You are too injured to fight recklessly!
You are too injured to fight recklessly!
You are too injured to fight recklessly!
You are too injured to fight recklessly!
You are too injured to fight recklessly!
You are too injured to fight recklessly!
Natasha casts a spell.
Jessica gestures wildly while chanting.
Jessica blinks!
The frilled lizard attacks as it pursues you!
The frilled lizard bites you.
* * * LOW HITPOINT WARNING * * *
The cerulean imp hits you from afar with a +2 spear.
* * * LOW HITPOINT WARNING * * *
You take 3 damage, and have 3/22 hp.
The frilled lizard attacks as it pursues you!
The frilled lizard bites you.
* * * LOW HITPOINT WARNING * * *
You take 2 damage, and have 1/22 hp.
You miss the frilled lizard.
Throw: 3 darts (curare)
Press: ? - help, Q - select action, (/) - cycle Shift-Dir - straight line, f - Natasha
Aim: Natasha (moderately wounded, 47% to hit)
You throw a curare-tipped dart.
The curare-tipped dart barely misses the frilled lizard.
The curare-tipped dart hits Natasha.
Natasha is poisoned.
Natasha struggles to breathe.
Natasha seems to slow down.
Natasha is severely wounded.
The frilled lizard barely misses you.
You barely miss the frilled lizard.
The frilled lizard bites you but does no damage.
Natasha casts a spell.
You barely miss the frilled lizard.
You kill Natasha!
Natasha screams in fury as she dies!
The cerulean imp disappears in a puff of smoke! x2
Jessica mumbles some strange words.
Jessica seems to speed up.
The frilled lizard misses you.
You have reached level 3!
Your experience leads to an increase in your attributes!
Increase (s)trength, (i)ntelligence, or (d)exterity?
You feel agile. x2; Your demonic ancestry asserts itself...
You feel energised by your suffering.
MP restored: 3 Unknown command.
Throw: 2 darts (curare)
Press: ? - help, Q - select action, (/) - cycle Shift-Dir - straight line, f - Jessica
Aim: Jessica, wielding a +0 club and wearing a +0 robe (fast, 57% to hit)
You throw a curare-tipped dart.
The curare-tipped dart hits the frilled lizard.
The frilled lizard is poisoned.
The frilled lizard struggles to breathe.
You kill the frilled lizard!
Jessica gestures at you while chanting. Pain shoots through your body!
You die... ███████.█ █.██ █.......█ █..█ █.█████.█ █..█ █.█ █.█████..█ █.█ █........███ ████

█.█
███.████....
██...███.█
█████.████████
█.....██§█
█............█
█...@§((@█
█.███.██████.█
█.....████ █.█
█÷█ █.█
██...██ █.█
█.█ ██.█ ██§█
█.█ █.█████...
█. █.█
█........█ █
█.█ █..█████.█
█.█ █..█ █.█
█.███..█████.█
█............█


You could see Jessica (fast).

Vanquished Creatures
  Natasha (D:2)
  A ribbon worm (D:2)
  A dart slug (D:1)
  3 endoplasms
  3 goblins
  3 hobgoblins
  3 kobolds
  2 ball pythons
  A bat (D:2)
  2 frilled lizards
  2 rats
22 creatures vanquished.

Notes
Turn   | Place    | Note
-------+----------+-------------------------------------------
     0 | D:1      | Goblin1989 the Demonspawn Brigand began the quest for the
                  | Orb.
     0 | D:1      | Reached XP level 1. HP: 16/16 MP: 1/1
    83 | D:1      | Gained mutation: You are partially covered in slimy green
                  | scales. (AC +2) [demonic ancestry]
    83 | D:1      | Reached XP level 2. HP: 22/22 MP: 2/2
   109 | D:1      | Got Deroedid's Tractate on Volcanic Cryomancy
   640 | D:2      | Found a faded altar of an unknown god.
   704 | D:2      | Reached skill level 4 in Stealth
  1164 | D:2      | Noticed Natasha
  1166 | D:2      | Noticed Jessica
  1173 | D:2      | HP: 1/22 [frilled lizard (2)]
  1177 | D:2      | Killed Natasha
  1178 | D:2      | Gained mutation: You sometimes gain a little power by
                  | taking damage. [demonic ancestry]
  1178 | D:2      | Reached XP level 3. HP: 2/27 MP: 3/3
  1178 | D:2      | Killed from afar by Jessica

Illustrated notes

Levels and vault maps discovered:
D:1:      wander_arrival_lonely_grave, layout_basic, minmay_heptomino_o4
D:2:      layout_loops_ring, shapermc_ecumenical_altar_flowoftime,
          feat_on_display, uniq_crazy_yiuf_cottage, uniq_natasha, uniq_jessica

Skill      XL: |  1  2 |
---------------+-------+-----
Short Blades   | 2 |  2.8
Stealth        | 4 |  4.4
Fighting       | |  2.0
Throwing       | |  1.7
Dodging        | |  0.8

Action                     || total
---------------------------++-------
  Melee: Dagger            ||    49
  Throw: Dart              ||     2
   Stab: Sleeping          ||     5
 Armour: Robe              ||    23
  Dodge: Dodged            ||    19

Table legend: (Time is in decaauts)
 A = Elapsed time spent in this place.
 B = Non-inter-level travel time spent in this place.
 C = Inter-level travel time spent in this place.
 D = Time resting spent in this place.
 E = Time spent auto-exploring this place.
 F = Levels seen in this place.
 G = Mean time per level.
                   A        B        C        D        E       F      G
               +--------+--------+--------+--------+--------+-----+--------+
         Total |   1171 |   1110 |     61 |      0 |    924 |   2 |  585.5 |
       Dungeon |   1171 |   1110 |     61 |      0 |    924 |   2 |  585.5 |
               +--------+--------+--------+--------+--------+-----+--------+

Top non-repeatable levels by time:
     D:2: 603 daAuts
     D:1: 568 daAuts
